 Dungeon Crawl Stone Soup version 0.17-a0-1510-gb3fb22e (webtiles) character file.

89 urechis the Sneak (level 4, -3/42 HPs)
             Began as a Kobold Berserker on July 11, 2015.
             Was a Believer of Trog.
             Slain by a worker ant (5 damage)
             ... on level 3 of the Dungeon.
             The game lasted 00:02:36 (1702 turns).

urechis the Sneak (Kobold Berserker)                Turns: 1702, Time: 00:02:36

Health: -3/42      AC:  2    Str: 20    XL:     4   Next: 84%
Magic:  4/4        EV: 15    Int:  5    God:    Trog [**....]
Gold:   107        SH:  0    Dex: 16    Spells: 0 memorised, 3 levels left

rFire  . . .     SeeInvis .     a - +2 short sword (flame)
rCold  . . .     Clarity  .     k - +0 animal skin
rNeg   . . .     SustAt   .     (shield restricted)
rPois  .         Gourm    .     (no helmet)
rElec  .         Spirit   .     (no cloak)
rCorr  .         Warding  .     (no gloves)
rMut   .         Stasis   .     (no boots)
MR     .....                    j - amulet of faith
Stlth  ..........               (no ring)
                                (no ring)

@: berserking, lethally poisoned (-3 -> -8), very quick, not resistant to
hostile enchantments, extremely unstealthy
A: carnivore 3
a: Burn Spellbooks, Berserk, Trog's Hand, Renounce Religion


You were on level 3 of the Dungeon.
You worshipped Trog.
Trog was pleased with you.
You were very full.

You visited 1 branch of the dungeon, and saw 3 of its levels.

You collected 107 gold pieces.

Inventory:

Hand weapons
 a - a +2 short sword of flaming (weapon)
 b - a +0 dagger of venom
Missiles
 r - 2 tomahawks (quivered)
Armour
 k - a +0 animal skin (worn)
Jewellery
 j - an amulet of faith (around neck)
 l - an uncursed amulet of the gourmand {unknown}
Scrolls
 d - 2 scrolls of magic mapping {unknown}
 g - 2 scrolls of teleportation {unknown}
 m - a scroll of remove curse {unknown}
 o - a scroll of immolation {unknown}
 p - a scroll of enchant weapon {unknown}
 s - a scroll of amnesia {unknown}
Potions
 e - 3 potions of curing {unknown}
 h - a potion of heal wounds {unknown}
 i - a potion of magic {unknown}
 n - a potion of cure mutation {unknown}
Comestibles
 c - 2 meat rations
 f - a slice of pizza


   Skills:
 - Level 3.2 Fighting
 - Level 4.0 Short Blades
 - Level 1.5 Armour
 - Level 2.4 Dodging
 + Level 5.9 Stealth


You had 3 spell levels left.
You didn't know any spells.

Dungeon Overview and Level Annotations

Branches:
Dungeon (3/15)

Altars:
The Shining One


Innate Abilities, Weirdness & Mutations

You are small and have problems with some larger weapons.
You are carnivorous and can eat meat at any time.


Message History

A red film seems to cover your vision as you go berserk!
You feel yourself moving faster!
You feel mighty!
You feel somewhat less full.
* * * LOW HITPOINT WARNING * * *
You feel sick.
The worker ant bites you but does no damage.
All of the chunks of flesh in your inventory have rotted away.
You are too berserk!
You puncture the worker ant! You burn the worker ant.
The worker ant is severely wounded.
The worker ant barely misses you.
You closely miss the worker ant.
The worker ant is severely wounded.
* * * LOW HITPOINT WARNING * * *
You feel sick. The worker ant misses you.
You closely miss the worker ant.
The worker ant is severely wounded.
You barely miss the worker ant.
The worker ant is severely wounded.
The worker ant bites you.
You die...

#)## #.##.# )#)##
#.##.#
###.#####.##.##
##)..##.#...####
###.##.##........#
.#.## ####...##.#
#<## ##.###.# ###
##.# #.# #..# #@#
#.## #a# #.# #.#
#.# #.# #.# #.#
#.# #.# #.# #.#
#.# #.# #.#


You could see a worker ant.

Vanquished Creatures
  A giant frog zombie (D:3)
  An orc wizard (D:3)
  An ooze (D:2)
  3 orcs (D:3)
  2 goblins
  4 hobgoblins
  2 ball pythons
  4 giant newts
  2 kobolds (D:1)
  2 rats
22 creatures vanquished.

Notes
Turn   | Place    | Note
--------------------------------------------------------------
     0 | D:1      | urechis the Kobold Berserker began the quest for the Orb.
     0 | D:1      | Reached XP level 1. HP: 14/14 MP: 1/1
    59 | D:1      | Reached skill level 1 in Stealth
   261 | D:1      | Found a glowing golden altar of the Shining One.
   555 | D:1      | Reached XP level 2. HP: 12/19 MP: 2/2
  1636 | D:3      | Reached XP level 3. HP: 23/23 MP: 3/3
  1639 | D:3      | Reached XP level 4. HP: 28/28 MP: 4/4
  1644 | D:3      | Acquired Trog's second power
  1672 | D:3      | Reached skill level 5 in Stealth
  1698 | D:3      | HP: 2/42 [poisoned by a worker ant]
  1702 | D:3      | Slain by a worker ant

Vault maps used:
D:1:      shiori_arrival_oz, tso_metal_star
D:2:      kennysheep_cross_room, kennysheep_generic_room_10
D:3:      lemuel_round_altar, tgw_fedhas

Action                   |  1- 3 |  4- 6 || total
-------------------------+-------+-------++-------
Melee: Short sword       |    36 |    15 ||    51
       Dagger            |     4 |       ||     4
Invok: Berserk           |       |     1 ||     1
 Stab: Sleeping          |     5 |     3 ||     8
       Distracted        |     1 |       ||     1
  Eat: Chunk             |     9 |       ||     9
